 Dungeon Crawl Stone Soup version 0.29.0-13-gc9e81de378 (webtiles) character file.

Game seed: 10803361428437921692

34 Persephone the Trooper (level 3, -1/36 HPs)
             Began as a Naga Berserker on Sept 7, 2022.
             Was a Follower of Trog.
             Slain by a hobgoblin (4 damage)
             ... on level 2 of the Dungeon.
             The game lasted 00:01:30 (1145 turns).

Persephone the Trooper (Naga Berserker)             Turns: 1145, Time: 00:01:30

Health: -1/36      AC:  4    Str: 21    XL:     3   Next: 31%
Magic:  3/3        EV:  8    Int:  7    God:    Trog [*.....]
Gold:   79         SH:  0    Dex: 10    Spells: 2/2 levels left

rFire   . . .      SeeInvis +   b - +0 trident
rCold   . . .      Faith    .   (no shield)
rNeg    . . .      Spirit   .   j - +0 scale mail
rPois   +          Reflect  .   (no helmet)
rElec   .          Harm     .   (no cloak)
rCorr   .          Rampage  .   (no gloves)
Will    .....                   (no barding)
Stlth   ..........              (no amulet)
HPRegen 0.12/turn               (no ring)
MPRegen 0.08/turn               (no ring)

@: very slow
A: AC +1, large, see invisible, deformed body, poison resistance, slowness 2,
spit poison 1, naga tail 1
a: Spit Poison, Renounce Religion, Berserk


You were on level 2 of the Dungeon.
You worshipped Trog.
Trog was aware of your devotion.
You visited 1 branch of the dungeon, and saw 2 of its levels.

You collected 79 gold pieces.

Inventory:

Hand Weapons
 a - a +0 spear
 b - a +0 trident (weapon)
Armour
 j - a +0 scale mail (worn)
Scrolls
 c - 3 scrolls of teleportation {unknown}
 e - a scroll of identify {unknown}
Potions
 d - 2 potions of curing {unknown}
 f - a potion of resistance {unknown}
 g - 2 potions of heal wounds {unknown}
 h - a potion of mutation {unknown}
 i - a potion of magic {unknown}


   Skills:
 + Level 3.7 Fighting
 + Level 3.7 Polearms
 - Level 1.5 Armour
 - Level 1.5 Dodging


You had 2 spell levels left.
You didn't know any spells.
Your spell library was empty.

Dungeon Overview and Level Annotations

Branches:
Dungeon (2/15)

Altars:

Shops:
D:1 (


Innate Abilities, Weirdness & Mutations

Your serpentine skin is tough. (AC +1)
You have supernaturally acute eyesight. (SInv)
Armour fits poorly on your strangely shaped body.
Your system is resistant to poisons. (rPois)
You cover ground very slowly.
You can spit poison.
You have a snake-like lower body.


Message History

The goblin closely misses you.
You puncture the goblin!
You kill the goblin!
Trog accepts your kill. The hobgoblin barely misses you.
The goblin hits you with a +0 club.
You barely miss the hobgoblin. The hobgoblin barely misses you.
The goblin hits you with a +0 club.
You barely miss the hobgoblin. The hobgoblin hits you.
The goblin barely misses you.
You are too injured to fight recklessly!
You are too injured to fight recklessly!
You are too injured to fight recklessly!
You are too injured to fight recklessly!
You are too injured to fight recklessly!
You are too injured to fight recklessly!
You are too injured to fight recklessly!
You are too injured to fight recklessly!
You are too injured to fight recklessly!
You are too injured to fight recklessly!
You are too injured to fight recklessly!
You are too injured to fight recklessly!
You are too injured to fight recklessly!
You are too injured to fight recklessly!
You are too injured to fight recklessly!
You barely miss the goblin.
The hobgoblin hits you but does no damage.
The goblin hits you with a +0 club.
You closely miss the goblin. The hobgoblin closely misses you.
The goblin hits you with a +0 club.
You closely miss the goblin. The hobgoblin hits you.
The goblin hits you with a +0 club.
* * * LOW HITPOINT WARNING * * *
You closely miss the goblin. The hobgoblin hits you.
* * * LOW HITPOINT WARNING * * *
The goblin hits you with a +0 club.
* * * LOW HITPOINT WARNING * * *
You barely miss the goblin. The goblin hits you with a +0 club.
* * * LOW HITPOINT WARNING * * *
The hobgoblin hits you.
You die...

.. ###....# #.
#.####..### .
...#..#### . #.###
#.#..†..#
..#....###...###...#
....#...#.....###.#
##......(###.# ..
.##......†.## ... .#
......)@....# ##. ..
......gg....# .. .
................ .
.#...........###
..........>..#
.##............
.....!.....####
...........#


You could see a hobgoblin and a goblin.

Vanquished Creatures
  2 dart slugs
  An endoplasm (D:1)
  A giant cockroach (D:1)
  3 goblins
  5 hobgoblins
  4 jackals (D:2)
  A quokka (D:2)
  4 ball pythons
  A bat (D:2)
  A frilled lizard (D:1)
  3 kobolds
  A rat (D:1)
27 creatures vanquished.

Notes
Turn   | Place    | Note
-------+----------+-------------------------------------------
     0 | D:1      | Persephone the Naga Berserker began the quest for the Orb.
     0 | D:1      | Reached XP level 1. HP: 21/21 MP: 1/1
   148 | D:1      | Found Hofrakhloov's Antique Weapon Shoppe.
   165 | D:1      | Found a faded altar of an unknown god.
   181 | D:1      | Reached XP level 2. HP: 12/28 MP: 2/2
  1098 | D:2      | Reached XP level 3. HP: 32/34 MP: 3/3
  1145 | D:2      | Slain by a hobgoblin

Illustrated notes

Levels and vault maps discovered:
D:1:      psy_arrival_terrarium, layout_rooms, serial_shops, nicolae_shop_trees,
          hellmonk_ecumenical_altar_run_dry
D:2:      layout_rooms, serial_shops, shop, minmay_pentomino_x4

Action                   || total
-------------------------++-------
Melee: Spear             ||    59
       Punch             ||     1
       Trident           ||    41
Armor: Animal skin       ||     4
       Scale mail        ||    24
Dodge: Dodged            ||    33
